 Dungeon Crawl Stone Soup version 0.24.1-4-ge52af88ad5 (webtiles) character file.

Game seed: 11649340082928120586, levelgen mode: deterministic

103 Peloso the Covered (level 4, -1/40 HPs)
             Began as a Minotaur Fighter on Apr 20, 2020.
             Slain by a gnoll
             ... wielding a +1 flail of protection
              (6 damage)
             ... on level 3 of the Dungeon.
             The game lasted 00:02:58 (1417 turns).

Peloso the Covered (Minotaur Fighter)               Turns: 1417, Time: 00:02:58

Health: -1/40      AC:  7    Str: 20    XL:     4   Next: 51%
Magic:  3/3        EV:  7    Int:  5    God:
Gold:   114        SH:  0    Dex: 11    Spells: 3/3 levels left

rFire    . . .     SeeInvis .   a - +0 long sword
rCold    . . .     Gourm    .   c - +0 shield
rNeg     . . .     Faith    .   b - +0 scale mail
rPois    .         Spirit   .   (helmet restricted)
rElec    .         Reflect  .   (no cloak)
rCorr    .         Harm     .   (no gloves)
MR       .....                  (no boots)
Stlth    ..........             (no amulet)
HPRegen  0.13/turn              (no ring)
MPRegen  0.08/turn              (no ring)

@: confused
A: retaliatory headbutt, horns 2
a: no special abilities


You were on level 3 of the Dungeon.
You were hungry.

You visited 1 branch of the dungeon, and saw 3 of its levels.

You collected 114 gold pieces.

Inventory:

Hand Weapons
 a - a +0 long sword (weapon)
Armour
 b - a +0 scale mail (worn)
 c - a +0 shield (worn)
Scrolls
 e - 2 scrolls of identify
 g - a scroll of random uselessness {unknown}
 h - a scroll of teleportation {unknown}
 i - a scroll of noise {unknown}
 j - 3 scrolls of fear {unknown}
 k - 2 scrolls of remove curse
 n - a scroll of blinking {unknown}
Potions
 d - a potion of might
 l - 2 potions of heal wounds
 m - a potion of haste
Comestibles
 f - 4 rations


   Skills:
 + Level 4.1 Fighting
 + Level 3.7 Long Blades
 + Level 4.5 Armour
 + Level 0.4 Dodging
 + Level 4.5 Shields


You had 3 spell levels left.
You didn't know any spells.
Your spell library was empty.

Dungeon Overview and Level Annotations

Branches:
Dungeon (3/15)

Altars:

Annotations:
D:3 Sigmund


Innate Abilities, Weirdness & Mutations

You reflexively headbutt those who attack you in melee.
You have a pair of horns on your head.


Message History

* * * LOW HITPOINT WARNING * * *
Sigmund gestures wildly while chanting.
Sigmund flickers and vanishes!
Deactivating autopickup; reactivate with Ctrl-A.
The gnoll hits you with a +1 flail of protection.
* * * LOW HITPOINT WARNING * * *
The gnoll hits you but does no damage.
Things that are here:
a +0 club; an orc corpse You block the gnoll's attack. x2
Something tries to affect you, but you resist.
A magic dart appears from out of thin air!
The magic dart hits you.
* * * LOW HITPOINT WARNING * * *
Something hits you but does no damage.
You hear some strange, mumbled words.
You are confused.
You bump into the rock wall.
The gnoll hits you with a +1 flail of protection.
You die...

...(..........#
[.#....#.#####...
...#....g..# ###
...........########
#####...g........###
#.#g#....$.....##...
#..g...†).........#
#...#g########.###...
......#@# ###..# .
...###..# ###...##...
.## #..####........#
##..........####...
.###....#..#...# .
........#(#..###
#..........####
##.............##
................##


You could see 4 gnolls and a goblin.

Vanquished Creatures
  An orc wizard (D:3)
  An adder (D:2)
  An ooze (D:2)
  An adder skeleton (D:2)
  2 worms
  3 orcs (D:3)
  A ball python (D:2)
  3 giant cockroaches
  3 goblins
  5 hobgoblins
  4 jackals
  2 quokkas (D:2)
  2 bats (D:1)
  3 frilled lizards
  8 kobolds
  8 rats
48 creatures vanquished.

Notes
Turn   | Place    | Note
-------+----------+-------------------------------------------
     0 | D:1      | Peloso the Minotaur Fighter began the quest for the Orb.
     0 | D:1      | Reached XP level 1. HP: 19/19 MP: 0/0
   154 | D:1      | Reached XP level 2. HP: 22/27 MP: 1/1
   730 | D:2      | Reached XP level 3. HP: 33/33 MP: 2/2
  1341 | D:3      | Reached XP level 4. HP: 37/40 MP: 3/3
  1385 | D:3      | Noticed Sigmund
  1417 | D:3      | Slain by a gnoll

Levels and vault maps discovered:
D:1:      dpeg_arrival_court, layout_loops_ring
D:2:      layout_loops_ring, serial_bayou_lagoon_a
D:3:      layout_rooms, old_standard_altar, uniq_sigmund

Skill      XL: |  1  2  3 |
---------------+----------+-----
Armour         | 4 |  4.5
Shields        | 4 |  4.5
Fighting       | 4 |  4.1
Long Blades    | 3 |  3.7
Dodging        | |  0.4

Action                   |  1- 3 |  4- 6 || total
-------------------------+-------+-------++-------
Melee: Long sword        |   104 |    11 ||   115
       Headbutt          |    11 |     1 ||    12
  Use: Potion            |     1 |       ||     1
       Scroll            |     3 |       ||     3
  Eat: Chunk             |     1 |       ||     1
Armor: Scale mail        |    42 |     5 ||    47
Dodge: Dodged            |    35 |     7 ||    42
Block: Shield            |    57 |    14 ||    71
       Rpst.: Long sword |     7 |     3 ||    10
